 Dungeon Crawl Stone Soup version 0.28.0-53-g5a82cb258f (webtiles) character file.

Game seed: 8410048464400931195

31017 DocClef the Thaumaturge (level 13, -8/89 HPs)
             Began as a Gnoll Fire Elementalist on July 13, 2022.
             Was a High Priest of Hepliaklqana.
             Mangled by an elephant (23 damage)
             ... on level 5 of the Lair of Beasts.
             The game lasted 00:26:53 (18734 turns).

DocClef the Thaumaturge (Gnoll Fire Elementalist)  Turns: 18734, Time: 00:26:54

Health: -8/89      AC: 16    Str: 10    XL:     13   Next: 55%
Magic:  14/26      EV:  2    Int: 18    God:    Hepliaklqana [*****.]
Gold:   426        SH:  0    Dex: 12    Spells: 22/31 levels left

rFire   + + .      SeeInvis +   j - +7 Throatcutter {drain, coup de grace}
rCold   + . .      Faith    .   (no shield)
rNeg    . . .      Spirit   .   F - +0 swamp dragon scales
rPois   +          Reflect  .   U - +0 helmet
rElec   .          Harm     .   V - scarf {rC+ rF+}
rCorr   .          Rampage  .   S - +0 pair of gloves
Will    .....                   (no boots)
Stlth   +++.......              a - amulet "Valloff" {Acrobat Regen+ SInv}
HPRegen 1.04/turn               K - +4 ring of protection
MPRegen 0.20/turn               x - ring of protection from fire

@: sleeping
A: reduced essence, fangs 1, strong nose, distributed training
a: Renounce Religion, Recall Ancestor, Ancestor Identity, Transference, Idealise


You were on level 5 of the Lair of Beasts.
You worshipped Hepliaklqana.
Hepliaklqana was extremely pleased with you.
You visited 3 branches of the dungeon, and saw 15 of its levels.

You collected 920 gold pieces.
You spent 494 gold pieces at shops.

Inventory:

Hand Weapons
 g - a +0 club
 j - the +7 Throatcutter (weapon) {drain, coup de grace}
   (You found it on level 2 of the Dungeon)

   A truly terrible weapon, it drains the life of any living foe it strikes.
   It may instantly kill foes which have little health.
Missiles
 d - 5 javelins
Armour
 w - +0 acid dragon scales
 F - +0 swamp dragon scales (worn)
 R - a +0 cloak
 S - a +0 pair of gloves (worn)
 U - a +0 helmet (worn)
 V - a scarf of resistance (worn)
Jewellery
 a - the amulet "Valloff" (around neck) {Acrobat Regen+ SInv}
   (You bought it in a shop on level 8 of the Dungeon)

   [amulet of the acrobat]

   It increases your evasion while moving and waiting.
   SInv:      It lets you see invisible.
   Regen:     It increases your rate of health regeneration.
 e - an amulet of guardian spirit
 u - a ring of resist corrosion
 x - a ring of protection from fire (right hand)
 K - a +4 ring of protection (left hand)
 P - a +4 ring of protection
Wands
 y - a wand of iceblast (20)
 C - a wand of flame (76)
 E - a wand of acid (16)
 H - a wand of digging (4)
Scrolls
 b - 5 scrolls of teleportation {unknown}
 c - 8 scrolls of identify {unknown}
 k - 3 scrolls of enchant weapon {unknown}
 n - 5 scrolls of immolation {unknown}
 o - a scroll of summoning {unknown}
 p - 3 scrolls of vulnerability {unknown}
 r - 3 scrolls of fear {unknown}
 s - a scroll of blinking {unknown}
 t - 2 scrolls of holy word {unknown}
 B - 2 scrolls of magic mapping {unknown}
 G - 2 scrolls of enchant armour {unknown}
 J - a scroll of torment {unknown}
 L - 3 scrolls of amnesia {unknown}
 O - 2 scrolls of fog {unknown}
 Q - a scroll of noise {unknown}
 T - a scroll of acquirement {unknown}
Potions
 f - 2 potions of curing {unknown}
 h - 2 potions of degeneration {unknown}
 i - 3 potions of brilliance {unknown}
 l - 4 potions of cancellation {unknown}
 m - a potion of flight {unknown}
 q - a potion of ambrosia {unknown}
 v - 3 potions of berserk rage {unknown}
 z - 4 potions of mutation {unknown}
 A - 3 potions of heal wounds {unknown}
 D - 3 potions of lignification {unknown}
 I - 3 potions of might {unknown}
 M - 4 potions of magic {unknown}
 N - a potion of invisibility {unknown}


   Skills:
 + Level 8.4 Fighting
 + Level 8.4 Short Blades
 + Level 8.4 Long Blades
 + Level 8.4 Axes
 + Level 8.4 Maces & Flails
 + Level 8.4 Polearms
 + Level 8.4 Staves
 + Level 8.4 Slings
 + Level 8.4 Bows
 + Level 8.4 Crossbows
 + Level 8.4 Throwing
 + Level 8.4 Armour
 + Level 9.6 Dodging
 + Level 9.4 Stealth
 + Level 8.4 Shields
 + Level 8.4 Unarmed Combat
 + Level 9.8 Spellcasting
 + Level 7.3 Conjurations
 + Level 7.0 Hexes
 + Level 7.0 Summonings
 + Level 7.0 Necromancy
 + Level 7.0 Translocations
 + Level 7.0 Transmutations
 + Level 9.0 Fire Magic
 + Level 7.0 Ice Magic
 + Level 7.0 Air Magic
 + Level 7.0 Earth Magic
 + Level 7.0 Poison Magic
 + Level 9.2 Invocations
 + Level 8.4 Evocations


You had 22 spell levels left.
You knew the following spells:

 Your Spells              Type           Power      Damage    Failure   Level
a - Foxfire               Conj/Fire      100%       2x1d9     1%          1
b - Scorch                Fire           82%        2d9       1%          2
c - Conjure Flame         Conj/Fire      38%        6-21      1%          3
d - Inner Flame           Hex/Fire       37%        N/A       1%          3

Your spell library contained the following spells:

 Spells                   Type           Power      Damage    Failure   Level
 Blink                    Tloc           68%        N/A       1%          2
 Ensorcelled Hibernation  Hex/Ice        68%        N/A       1%          2
 Passwall                 Tmut/Erth      28%        N/A       1%          2
 Sublimation of Blood     Necr           34%        N/A       1%          2
 Wereblood                Tmut           34%        N/A       1%          2
 Confusing Touch          Hex            34%        N/A       3%          3
 Lesser Beckoning         Tloc           34%        N/A       3%          3
 Ozocubu's Armour         Ice            34%        N/A       3%          3
 Swiftness                Air            34%        N/A       3%          3
 Flame Wave               Conj/Fire      38%        2d9       6%          4
 Animate Armour           Summ/Erth      68%        N/A       10%         4
 Petrify                  Tmut/Erth      34%        N/A       10%         4
 Blade Hands              Tmut           17%        N/A       28%         5
 Manifold Assault         Tloc           34%        N/A       28%         5
 Metabolic Englaciation   Hex/Ice        17%        N/A       28%         5
 Yara's Violent Unravell  Hex/Tmut       17%        3d8       28%         5
 Iron Shot                Conj/Erth      17%        9d4       82%         6
 Statue Form              Tmut/Erth      22%        N/A       83%         6
 Enfeeble                 Hex            17%        N/A       100%        7
 Ozocubu's Refrigeration  Ice            17%        4d8       100%        7
 Summon Hydra             Summ           17%        N/A       100%        7


Dungeon Overview and Level Annotations

Branches:
Dungeon (9/15)             Temple (1/1) D:6            Lair (5/6) D:8
  Swamp (0/4) Lair:2       Spider (0/4) Lair:2
  Slime: Lair:5-6       Orc: D:9-12

Altars:
Ashenzari
Cheibriados
Dithmenos
Elyvilon
Fedhas
Gozag
Hepliaklqana
Kikubaaqudgha
Makhleb
Nemelex Xobeh
Okawaru
Qazlal
Ru
Sif Muna
Trog
Uskayaw
Vehumet
Wu Jian
Xom
Yredelemnul
Zin

Shops:
D:2 (   D:5 [[[*[   D:8 =*   D:9 *

Annotations:
Lair:5 Rupert


Innate Abilities, Weirdness & Mutations

Your life essence is reduced to manifest your ancestor. (-10% HP)
You have very sharp teeth.
Your uncanny sense of smell can sniff out nearby items.
Your experience applies equally to all skills.


Message History

The elephant is moderately wounded.
The bullfrog hits you but does no damage.
The elephant tramples you but does no damage.
The elephant trunk-slaps you but does no damage.
The komodo dragon closely misses you.
The elephant is engulfed in blazing flames.
Flame seeps out of the elephant.
The elephant tramples you but does no damage.
The elephant trunk-slaps you.
You hit the elephant.
Flame seeps out of the elephant.
The elephant is moderately wounded.
The bullfrog misses you.
The elephant tramples you but does no damage.
The elephant trunk-slaps you but does no damage.
The komodo dragon bites you.
The bullfrog releases a deep croak.
The bullfrog misses you.
The elephant is engulfed in blazing flames.
Flame seeps out of the elephant.
The elephant closely misses you.
The elephant trunk-slaps you but does no damage.
You hit the elephant.
Flame seeps out of the elephant. x2
You drain the elephant.
The elephant is severely wounded.
The bullfrog hits you but does no damage.
The elephant tramples you but does no damage.
The elephant closely misses you. The dream sheep barely misses you.
The komodo dragon bites you!
* * * LOW HITPOINT WARNING * * *
The elephant is engulfed in blazing flames.
Flame seeps out of the elephant.
The elephant barely misses you.
The elephant trunk-slaps you but does no damage.
Unknown command.
You completely miss the elephant.
The elephant is almost dead.
The bullfrog hits you!
* * * LOW HITPOINT WARNING * * *
The dream sheep are wreathed in dream dust.
You feel drowsy...
You fall asleep.
The elephant tramples you!!
You die...

.......... ..........+
#.....#.?..
#......#..# #
#####.......+..
P..##P#.YY#..........
.......@FYY..........
......YlYY...........
.......Y.ยง.<......Y..
.......Y...........Y.
.....................
.....................
................##...
.....##.#......## .#
...# ###.....P# #


You could see 3 elephants, a komodo dragon, a bullfrog and 6 dream sheep.

Vanquished Creatures
  5 hydras
  A two-headed ogre (D:6)
  3 death yaks
  A skeletal warrior (D:8)
  A lindwurm (Lair:3)
  An elephant (Lair:3)
  3 black mambas
  4 cane toads
  Maggie (D:6)
  6 komodo dragons
  4 rime drakes
  A meliai (Lair:2)
  A hornet (D:6)
  3 blink frogs (Lair:4)
  6 slime creatures
  2 dream sheep
  Sigmund (D:5)
  17 yaks
  Grum (D:9)
  2 steam dragons (Lair:5)
  2 basilisks
  An acid dragon (D:5)
  Duvessa (D:5)
  10 water moccasins
  2 sky beasts
  2 black bears
  A necrophage (D:8)
  2 ice beasts (D:6)
  An ogre (D:5)
  9 wolves
  2 centaurs
  A kobold brigand (D:8)
  Blork the orc (D:5)
  2 bullfrogs
  2 scorpions
  3 gnoll sergeants
  A wyvern skeleton (D:7)
  Dowan (D:5)
  4 killer bees
  12 wights
  An electric eel (Lair:3)
  A howler monkey (D:5)
  3 bullfrog zombies
  A centaur zombie (D:9)
  3 jellies
  4 orc priests
  A bullfrog skeleton (D:7)
  3 centaur skeletons
  A hound (D:5)
  4 iguanas
  Ijyb (D:5)
  3 orc wizards
  A hound zombie (D:5)
  A hound skeleton (D:5)
  2 howler monkey zombies (D:8)
  11 gnolls
  6 adders
  3 white imps
  4 dart slugs
  15 orcs
  7 ball pythons
  4 endoplasms
  5 giant cockroaches
  5 goblins
  7 hobgoblins
  6 jackals
  4 kobolds
  2 quokkas
  2 bats
  6 frilled lizards
  3 rats
244 creatures vanquished.

Vanquished Creatures (collateral kills)
  A hydra (D:8)
  3 death yaks
  2 elephants
  A black mamba (Lair:1)
  A cane toad (Lair:4)
  2 rime drakes (Lair:5)
  2 komodo dragons
  A polar bear (Lair:5)
  A slime creature (D:7)
  2 blink frogs (Lair:4)
  A vampire (D:8)
  10 yaks
  3 steam dragons (Lair:5)
  2 water moccasins
  A centaur (D:9)
  6 wolves
  3 bullfrogs
  5 killer bees
  A wight (D:8)
  A centaur zombie (D:8)
  2 gnolls (D:8)
  A shadow imp (D:8)
  7 foxfires
59 creatures vanquished.

Vanquished Creatures (others)
  A wizard (D:7)
  A rime drake (Lair:5)
  A black bear (D:6)
  A kobold brigand (D:6)
  A bullfrog (D:6)
  A bullfrog zombie (D:6)
  A hound (D:6)
  2 ancestors (D:7)
  12 battlemagi
  An adder (D:6)
  An orc (D:6)
  A bush (Lair:4)
  1139 foxfires
  28 fungi
  23 plants
1214 creatures vanquished.

Grand Total: 1517 creatures vanquished

Notes
Turn   | Place    | Note
-------+----------+-------------------------------------------
     0 | D:1      | DocClef the Gnoll Fire Elementalist began the quest for the
                  | Orb.
     0 | D:1      | Reached XP level 1. HP: 13/13 MP: 6/6
   299 | D:1      | Reached XP level 2. HP: 19/19 MP: 3/7
   491 | D:1      | Found a faded altar of an unknown god.
   722 | D:1      | Reached XP level 3. HP: 25/25 MP: 6/9
   829 | D:1      | Reached skill level 5 in Spellcasting
  1560 | D:2      | Reached skill level 1 in Invocations
  1624 | D:2      | Found the +7 Throatcutter {drain, coup de grace}
  1778 | D:2      | Reached skill level 1 in Fighting
  1778 | D:2      | Reached skill level 1 in Short Blades
  1778 | D:2      | Reached skill level 1 in Long Blades
  1778 | D:2      | Reached skill level 1 in Axes
  1778 | D:2      | Reached skill level 1 in Maces & Flails
  1778 | D:2      | Reached skill level 1 in Polearms
  1778 | D:2      | Reached skill level 1 in Staves
  1778 | D:2      | Reached skill level 1 in Slings
  1778 | D:2      | Reached skill level 1 in Bows
  1778 | D:2      | Reached skill level 1 in Crossbows
  1778 | D:2      | Reached skill level 1 in Throwing
  1778 | D:2      | Reached skill level 1 in Armour
  1778 | D:2      | Reached skill level 1 in Shields
  1778 | D:2      | Reached skill level 1 in Unarmed Combat
  1778 | D:2      | Reached skill level 1 in Evocations
  1783 | D:2      | Reached XP level 4. HP: 22/32 MP: 11/11
  1961 | D:2      | Found Zowniy's Weapon Shop.
  2388 | D:2      | Identified the +5 mace of Jiuhink {vorpal, Str+6}
  2450 | D:3      | Noticed a water moccasin
  2458 | D:3      | Killed a water moccasin
  2459 | D:3      | Reached skill level 1 in Hexes
  2459 | D:3      | Reached skill level 1 in Summonings
  2459 | D:3      | Reached skill level 1 in Necromancy
  2459 | D:3      | Reached skill level 1 in Translocations
  2459 | D:3      | Reached skill level 1 in Transmutations
  2459 | D:3      | Reached skill level 1 in Ice Magic
  2459 | D:3      | Reached skill level 1 in Air Magic
  2459 | D:3      | Reached skill level 1 in Earth Magic
  2459 | D:3      | Reached skill level 1 in Poison Magic
  2459 | D:3      | Reached XP level 5. HP: 28/37 MP: 5/12
  3054 | D:4      | Found a hide-covered altar of Uskayaw.
  3087 | D:4      | Reached XP level 6. HP: 34/44 MP: 12/14
  3246 | D:4      | Reached skill level 5 in Dodging
  3471 | D:4      | Noticed a water moccasin
  3476 | D:4      | Learned a level 2 spell: Scorch
  3480 | D:4      | Learned a level 3 spell: Conjure Flame
  3483 | D:4      | Killed a water moccasin
  3809 | D:4      | Reached XP level 7. HP: 37/50 MP: 15/15
  4028 | D:4      | Found a glowing silver altar of Zin.
  4154 | D:5      | Entered Level 5 of the Dungeon
  4197 | D:5      | Noticed Blork the orc
  4204 | D:5      | Killed Blork the orc
  4345 | D:5      | Reached skill level 5 in Stealth
  4602 | D:5      | Reached XP level 8. HP: 22/57 MP: 2/16
  4903 | D:5      | Found a hazy altar of Hepliaklqana.
  4924 | D:5      | Became a worshipper of Hepliaklqana the Forgotten
  5028 | D:5      | Noticed Duvessa
  5033 | D:5      | Noticed Dowan
  5043 | D:5      | Killed Duvessa
  5047 | D:5      | Killed Dowan
  5419 | D:5      | Noticed Ijyb
  5442 | D:5      | Killed Ijyb
  5500 | D:5      | Noticed Sigmund
  5506 | D:5      | Learned a level 3 spell: Inner Flame
  5526 | D:5      | Killed Sigmund
  5794 | D:5      | Found Tuschugg's Antique Armour Shoppe.
  5884 | D:5      | Found Duileb's Antique Armour Shoppe.
  5884 | D:5      | Found Meuphyc's Armour Shoppe.
  5885 | D:5      | Found Kifano's Armour Shoppe.
  5917 | D:5      | Found Ybiry's General Store.
  6676 | D:6      | Found a stormy altar of Qazlal.
  6701 | D:6      | Reached XP level 9. HP: 65/65 MP: 12/18
  6701 | D:6      | Found a shimmering altar of Xom.
  7036 | D:6      | Noticed a two-headed ogre
  7044 | D:6      | Killed a two-headed ogre
  7113 | D:6      | Found a staircase to the Ecumenical Temple.
  7146 | D:6      | Reached * piety under Hepliaklqana
  7167 | D:6      | Noticed a hornet
  7172 | D:6      | Killed a hornet
  7173 | D:6      | Reached skill level 5 in Invocations
  7504 | D:6      | Noticed Maggie
  7511 | D:6      | Killed Maggie
  7715 | D:6      | Reached XP level 10. HP: 63/65 MP: 20/20
  7793 | D:6      | Found an ancient bone altar of Kikubaaqudgha.
  8374 | Temple   | Entered the Ecumenical Temple
  8482 | D:7      | Reached skill level 5 in Fighting
  8482 | D:7      | Reached skill level 5 in Short Blades
  8482 | D:7      | Reached skill level 5 in Long Blades
  8482 | D:7      | Reached skill level 5 in Axes
  8482 | D:7      | Reached skill level 5 in Maces & Flails
  8482 | D:7      | Reached skill level 5 in Polearms
  8482 | D:7      | Reached skill level 5 in Staves
  8482 | D:7      | Reached skill level 5 in Slings
  8482 | D:7      | Reached skill level 5 in Bows
  8482 | D:7      | Reached skill level 5 in Crossbows
  8482 | D:7      | Reached skill level 5 in Throwing
  8482 | D:7      | Reached skill level 5 in Armour
  8482 | D:7      | Reached skill level 5 in Shields
  8482 | D:7      | Reached skill level 5 in Unarmed Combat
  8482 | D:7      | Reached skill level 5 in Evocations
  9482 | D:7      | Found a shadowy altar of Dithmenos.
  9668 | D:7      | Found a bloodstained altar of Trog.
  9669 | D:7      | Noticed a wizard
  9675 | D:7      | Killed a wizard
  9818 | D:7      | Reached skill level 5 in Conjurations
 10139 | D:8      | Reached ** piety under Hepliaklqana
 10141 | D:8      | Found Zinn's Demolitions Depot.
 10571 | D:7      | Remembered your ancestor Wystan as a battlemage
 11085 | D:8      | Noticed a six-headed hydra
 11105 | D:8      | Killed a seven-headed hydra
 11106 | D:8      | Reached XP level 11. HP: 10/72 MP: 18/22
 11474 | D:8      | Found Fuohiash's Jewellery Shoppe.
 11494 | D:8      | Noticed a skeletal warrior
 11912 | D:9      | Found Luejomp's General Store.
 12155 | D:9      | Identified the +2 leather armour of Death's Door {Harm
                  | rElec Regen+}
 12260 | D:9      | Noticed Grum
 12266 | D:9      | Reached skill level 5 in Hexes
 12266 | D:9      | Reached skill level 5 in Summonings
 12266 | D:9      | Reached skill level 5 in Necromancy
 12266 | D:9      | Reached skill level 5 in Translocations
 12266 | D:9      | Reached skill level 5 in Transmutations
 12266 | D:9      | Reached skill level 5 in Ice Magic
 12266 | D:9      | Reached skill level 5 in Air Magic
 12266 | D:9      | Reached skill level 5 in Earth Magic
 12266 | D:9      | Reached skill level 5 in Poison Magic
 12498 | D:9      | Killed Grum
 12707 | D:8      | Found a staircase to the Lair.
 12952 | Lair:1   | Entered Level 1 of the Lair of Beasts
 13216 | Lair:1   | Reached *** piety under Hepliaklqana
 13976 | Lair:2   | Noticed a four-headed hydra
 13981 | Lair:2   | Killed a four-headed hydra
 14159 | Lair:2   | Noticed a five-headed hydra
 14175 | Lair:2   | Killed a five-headed hydra
 14317 | Lair:2   | Found a staircase to the Swamp.
 14563 | D:8      | Killed a skeletal warrior
 14860 | D:8      | Bought the amulet "Valloff" {Acrobat Regen+ SInv} for 494
                  | gold pieces
 15035 | Lair:2   | Reached XP level 12. HP: 70/80 MP: 19/24
 15108 | Lair:2   | Found a hole to the Spider Nest.
 15479 | Lair:3   | Noticed a seven-headed hydra
 15485 | Lair:3   | Killed a seven-headed hydra
 15571 | Lair:3   | Noticed a death yak
 15573 | Lair:3   | Noticed a death yak
 15575 | Lair:3   | Noticed a death yak
 15576 | Lair:3   | Noticed a death yak
 15578 | Lair:3   | Noticed a death yak
 15584 | Lair:3   | Killed a death yak
 15613 | Lair:2   | Killed a death yak
 15621 | Lair:2   | Killed a death yak
 15711 | Lair:2   | Killed a death yak
 15842 | Lair:3   | Killed a death yak
 15930 | Lair:3   | Reached **** piety under Hepliaklqana
 16182 | Lair:3   | Noticed a six-headed hydra
 16192 | Lair:3   | Killed a six-headed hydra
 16538 | Lair:3   | Noticed a death yak
 16575 | Lair:3   | Killed a death yak
 16791 | Lair:3   | Noticed a seven-headed hydra
 16797 | Lair:3   | Killed a seven-headed hydra
 16798 | Lair:3   | Reached XP level 13. HP: 88/88 MP: 16/26
 17213 | Lair:4   | Reached ***** piety under Hepliaklqana
 18585 | Lair:5   | Noticed a fire dragon
 18587 | Lair:5   | Noticed Rupert
 18734 | Lair:5   | Mangled by an elephant

Illustrated notes

Levels and vault maps discovered:
D:1:      tarquinn_simple_flora_water_a, layout_basic,
          shapermc_ecumenical_altar_mp_ritualfount, minmay_misc_feat_tiny
D:2:      layout_loops_ring, serial_shops, shop, minmay_diced_spiral
D:3:      layout_basic
D:4:      layout_loops_cross, zin_scriptorium,
          mainiacjoe_overflow_cross_hatched, minivault_19
D:5:      layout_basic, lemuel_crystal_altar, serial_shops, shop_fountains,
          minmay_shop_grid_forest, uniq_ijyb, uniq_sigmund, uniq_blork_the_orc,
          uniq_duvessa
D:6:      layout_layer_cave, kiku_gazebo_pond_becter, xom_confusion_cloud,
          grunt_qazlal_sundering, minmay_temple_entry_arrows, glass_columns_a,
          minivault_22, uniq_maggie
D:7:      layout_cave_pools, trog_wizard, general_overflow_altar
D:8:      minmay_spotlight, layout_cave_pools, lair_entry_dummy, serial_shops,
          shop, nicolae_blasting_shop, minmay_shattered_shrine
D:9:      layout_roguey, nicolae_inconvenience_store, uniq_grum
Temple:   nicolae_temple_god_jail
Lair:1:   layout_gridlike
Lair:2:   layout_chaotic_city, swamp_mist, hellmonk_spider_entry_not_the_bees
Lair:3:   layout_gridlike, st_stairs_8, hangedman_lair_generics_rect,
          grunt_megastairs_3
Lair:4:   layout_cave_pods, beast_lair_carwin_4
Lair:5:   layout_regular_city, minmay_slime_entry_pillars, ebering_ghost_xom,
          bobbens_dragon_lair_wall, uniq_rupert

Skill      XL: |  1  2  3  4  5  6  7  8  9 10 11 12 13 |
---------------+----------------------------------------+-----
Conjurations   | 2 3 4 5 6 7 |  7.3
Spellcasting   | 5 6 7 8 9 |  9.8
Invocations    | 1 2 3 4 5 6 7 8 9 |  9.2
Fighting       | 1 2 3 4 5 6 7 8 |  8.4
Short Blades   | 1 2 3 4 5 6 7 8 |  8.4
Long Blades    | 1 2 3 4 5 6 7 8 |  8.4
Axes           | 1 2 3 4 5 6 7 8 |  8.4
Maces & Flails | 1 2 3 4 5 6 7 8 |  8.4
Polearms       | 1 2 3 4 5 6 7 8 |  8.4
Staves         | 1 2 3 4 5 6 7 8 |  8.4
Slings         | 1 2 3 4 5 6 7 8 |  8.4
Bows           | 1 2 3 4 5 6 7 8 |  8.4
Crossbows      | 1 2 3 4 5 6 7 8 |  8.4
Throwing       | 1 2 3 4 5 6 7 8 |  8.4
Armour         | 1 2 3 4 5 6 7 8 |  8.4
Shields        | 1 2 3 4 5 6 7 8 |  8.4
Unarmed Combat | 1 2 3 4 5 6 7 8 |  8.4
Evocations     | 1 2 3 4 5 6 7 8 |  8.4
Hexes          | 1 2 3 4 5 6 7 |  7.0
Summonings     | 1 2 3 4 5 6 7 |  7.0
Necromancy     | 1 2 3 4 5 6 7 |  7.0
Translocations | 1 2 3 4 5 6 7 |  7.0
Transmutations | 1 2 3 4 5 6 7 |  7.0
Ice Magic      | 1 2 3 4 5 6 7 |  7.0
Air Magic      | 1 2 3 4 5 6 7 |  7.0
Earth Magic    | 1 2 3 4 5 6 7 |  7.0
Poison Magic   | 1 2 3 4 5 6 7 |  7.0
Dodging        | 5 6 7 8 9 |  9.6
Stealth        | 5 6 7 8 9 |  9.4
Fire Magic     | 6 7 8 9 |  9.0

Action                   |  1- 3 |  4- 6 |  7- 9 | 10-12 | 13-15 || total
-------------------------+-------+-------+-------+-------+-------++-------
Melee: Unarmed           |     1 |       |       |       |       ||     1
       Club              |    21 |       |       |       |       ||    21
       Long sword        |     9 |    19 |    60 |   208 |    97 ||   393
       Bite              |     1 |     2 |     2 |    19 |    18 ||    42
       Punch             |       |       |     1 |    17 |     8 ||    26
 Cast: Foxfire           |    74 |    64 |   163 |   311 |    64 ||   676
       Conjure Flame     |       |     1 |     8 |    13 |     3 ||    25
       Inner Flame       |       |       |     2 |    18 |     1 ||    21
       Scorch            |       |       |       |     4 |       ||     4
Invok: Recall Ancestor   |       |       |       |     3 |       ||     3
       Ancestor Life: Ba |       |       |       |     1 |       ||     1
 Stab: Sleeping          |     3 |     1 |     3 |     1 |       ||     8
       Distracted        |       |       |       |     3 |     4 ||     7
Armor: Robe              |     7 |     4 |       |       |       ||    11
       Acid dragon scale |       |       |     9 |    14 |       ||    23
       Swamp dragon scal |       |       |       |    67 |    71 ||   138
Dodge: Dodged            |    22 |     9 |    38 |   134 |   105 ||   308
